Calgary Flames vs Los Angeles Kings
Created - Thursday, April 13, 2023 at 07:19
Goals
|
| Calgary Flames |
1 |
0 |
3 |
4 |
| Los Angeles Kings |
0 |
0 |
2 |
2 |
|
Shots
|
| Calgary Flames |
22 |
10 |
19 |
51 |
| Los Angeles Kings |
7 |
6 |
11 |
24 |
|
1st period
1. Calgary Flames , J.T. Miller 12 (Kris Russell 4, Timo Meier 8) at 9:45
Penalties :
Andrei Svechnikov (LAK) for Diving (Minor) at 14:00
2nd period
No Goal
Penalties :
Valeri Nichushkin (CGY) for Hooking (Minor) at 1:34, Andrei Svechnikov (LAK) for Holding (Minor) at 8:31
3rd period
2. Calgary Flames , J.T. Miller 13 (Timo Meier 9, Drew Doughty 5) at 0:36
3. Calgary Flames , Nic Dowd 1 (Garnet Hathaway 3, Kris Russell 5) at 4:37
4. Los Angeles Kings , Kirby Dach 11 (Andrei Svechnikov 25, Nicklas Backstrom 25) at 16:22 (PP)
5. Los Angeles Kings , Kirby Dach 12 (Nicklas Backstrom 26) at 16:26
6. Calgary Flames , J.T. Miller 14 (Sebastian Aho 11) at 19:38 (Empty Net)
Penalties :
Cooper Marody (LAK) for Holding Stick (Minor) at 2:18, Drew Doughty (CGY) for Tripping (Minor) at 16:21, Travis Sanheim (CGY) for Hooking (Minor) at 16:48
Goalie Stats
Thatcher Demko (CGY), 22 saves from 24 shots - (0.917), W, 10-5-3, 60:00 minutes
Aaron Dell (LAK), 47 saves from 50 shots - (0.940), L, 2-5-2, 59:42 minutes
Players Stats for Calgary Flames
Player Name G A P +/- PIM S H SB GA TA FO MP PP MP PK MP
------------------------------------------------------------------------------------
Drew Doughty 0 1 1 1 2 1 0 4 0 2 0/0 24:06 2:53 2:21
Garnet Hathaway 0 1 1 1 0 0 1 1 0 0 0/0 8:07 0:00 0:00
J.T. Miller 3 0 3 2 0 7 1 1 0 0 9/13 18:09 3:00 0:24
Jeff Petry 0 0 0 0 0 0 2 2 0 0 0/0 24:09 2:53 2:37
Joel Eriksson Ek 0 0 0 0 0 10 2 0 1 0 3/4 16:21 2:57 0:00
Kris Russell 0 2 2 2 0 4 0 1 0 2 0/0 16:39 0:00 0:38
Logan Couture 0 0 0 1 0 4 3 0 0 0 7/9 19:41 3:00 2:10
Mathieu Joseph 0 0 0 0 0 3 1 1 1 1 0/0 14:20 0:00 0:39
Max Pacioretty 0 0 0 1 0 3 0 0 1 0 0/0 13:43 0:00 0:00
Nic Dowd 1 0 1 1 0 1 1 0 0 0 2/4 8:57 0:00 0:50
Oskar Lindblom 0 0 0 1 0 1 0 0 0 0 0/0 8:07 0:00 0:00
Ryan Ellis 0 0 0 0 0 2 2 0 0 1 0/0 18:51 3:04 0:02
Ryan McDonagh 0 0 0 3 0 2 0 2 0 1 0/0 17:15 0:00 1:35
Sebastian Aho 0 1 1 1 0 2 0 0 0 0 14/21 15:48 0:00 1:41
Timo Meier 0 2 2 1 0 2 1 1 1 0 0/1 16:27 2:57 0:00
Travis Sanheim 0 0 0 0 2 1 4 0 0 0 0/0 19:10 3:04 0:45
Valeri Nichushkin 0 0 0 0 2 2 3 0 1 0 0/1 17:28 3:00 0:02
Zach Hyman 0 0 0 0 0 6 1 0 0 0 0/1 18:40 2:57 2:12
Players Stats for Los Angeles Kings
Player Name G A P +/- PIM S H SB GA TA FO MP PP MP PK MP
------------------------------------------------------------------------------------
Alexander Radulov 0 0 0 -2 0 2 2 0 0 0 0/0 15:03 1:48 0:00
Andrei Svechnikov 0 1 1 0 4 3 0 0 0 1 0/0 16:07 1:53 0:53
Cooper Marody 0 0 0 0 2 1 3 0 0 1 0/1 9:32 0:00 0:00
Dominik Kubalik 0 0 0 -1 0 2 2 0 3 0 0/0 17:16 1:48 2:55
Erik Brannstrom 0 0 0 1 0 0 1 2 0 0 0/0 21:59 2:40 3:09
Evan Polei 0 0 0 0 0 0 0 0 0 0 0/0 10:14 0:19 0:00
Jakub Zboril 0 0 0 -1 0 1 0 0 0 1 0/0 14:49 0:00 0:00
K'Andre Miller 0 0 0 -3 0 2 1 2 0 0 0/0 22:50 1:19 2:48
Kirby Dach 2 0 2 0 0 3 0 0 1 0 1/6 18:41 2:02 3:26
Mike Matheson 0 0 0 1 0 2 0 3 0 0 0/0 21:59 2:40 3:09
Nicklas Backstrom 0 2 2 -1 0 1 1 1 0 0 9/20 18:17 1:52 2:51
Noah Dobson 0 0 0 -3 0 2 1 2 0 0 0/0 22:50 1:19 2:48
Peyton Krebs 0 0 0 -1 0 1 1 0 1 0 2/7 15:07 0:19 0:23
Rasmus Sandin 0 0 0 -1 0 0 0 0 0 1 0/0 14:49 0:00 0:00
Ryan Reaves 0 0 0 -2 0 1 2 0 2 1 1/3 16:21 0:08 1:15
Seth Jarvis 0 0 0 -1 0 2 1 0 0 0 6/16 14:21 1:48 0:00
Tyler Gaudet 0 0 0 -1 0 0 2 0 0 0 0/1 14:13 0:00 0:11
Vitaly Kravtsov 0 0 0 0 0 1 0 0 0 0 0/0 9:32 0:00 0:00
3 Stars
1 - J.T. Miller (CGY)
2 - Kirby Dach (LAK)
3 - Aaron Dell (LAK)
Power Play
Calgary Flames - 0 on 3 Attempt(s) - 0.00%
Los Angeles Kings - 1 on 3 Attempt(s) - 33.33%
Penalty Kill
Calgary Flames - 2 on 3 Attempt(s) - 66.67%
- Score 0 goal in Penalty Kill
Los Angeles Kings - 3 on 3 Attempt(s) - 100.00%
- Score 0 goal in Penalty Kill
Team Stat
Calgary Flames - Hits : 22 - Faceoff Wins : 35 - Blocked Shots : 13 - Penalty Minutes : 6
Los Angeles Kings - Hits : 17 - Faceoff Wins : 19 - Blocked Shots : 10 - Penalty Minutes : 6
Official
Referees : Kyle Rehman and Chris Rooney
Linesman : Brad Kovachik and Shane Heyer
Game Notes
J.T. Miller has scored a Hat Trick!
J.T. Miller has scored in a empty net!
Finance
Level 1 -- Attendance: 4991 (83.18%) -- Ticket Income $499,100
Level 2 -- Attendance: 3687 (73.74%) -- Ticket Income $221,220
Level 3 -- Attendance: 2406 (80.20%) -- Ticket Income $84,210
Level 4 -- Attendance: 3492 (69.84%) -- Ticket Income $87,300
Luxury Box -- Attendance: 829 (82.90%) -- Ticket Income $165,800
Game was played at the Staples Center.
Total Attendance: 15405 (77.03%)
Total Ticket Income: $1,057,630
Other Income: $370,170
Total Income: $1,427,800
Calgary Flames
5 vs 5 Forward
Center Left Wing Right Wing Time % Phy DF OF
1 J.T. Miller Max Pacioretty Timo Meier 34 0 0 5
2 Sebastian Aho Zach Hyman Valeri Nichushkin 33 0 0 5
3 Logan Couture Mathieu Joseph Joel Eriksson Ek 25 0 2 3
4 Nic Dowd Oskar Lindblom Garnet Hathaway 8 1 3 1
5 vs 5 Defense
Defense Defense Time % Phy DF OF
1 Drew Doughty Jeff Petry 30 0 3 2
2 Travis Sanheim Ryan Ellis 30 0 3 2
3 Ryan McDonagh Kris Russell 30 0 3 2
4 Drew Doughty Jeff Petry 10 0 3 2
PowerPlay Forward
Center Left Wing Right Wing Time % Phy DF OF
1 J.T. Miller Logan Couture Valeri Nichushkin 50 0 0 5
2 Joel Eriksson Ek Timo Meier Zach Hyman 50 0 0 5
PowerPlay Defense
Defense Defense Time % Phy DF OF
1 Drew Doughty Jeff Petry 50 0 2 3
2 Travis Sanheim Ryan Ellis 50 0 2 3
Penalty Kill 4 Players Forward
Center Wing Time % Phy DF OF
1 Logan Couture Zach Hyman 60 0 4 1
2 Sebastian Aho Mathieu Joseph 40 0 4 1
Penalty Kill 4 Players Defense
Defense Defense Time % Phy DF OF
1 Drew Doughty Jeff Petry 60 1 2 2
2 Travis Sanheim Ryan McDonagh 40 1 2 2
Penalty Kill - 3 Players Forward
Forward Time % Phy DF OF
1 Nic Dowd 60 0 5 0
2 Logan Couture 40 0 5 0
Penalty Kill - 3 Players Defense
Defense Defense Time % Phy DF OF
1 Drew Doughty Jeff Petry 60 1 2 2
2 Travis Sanheim Ryan McDonagh 40 1 2 2
4 vs 4 Forward
Center Wing Time % Phy DF OF
1 Joel Eriksson Ek Max Pacioretty 60 1 2 2
2 Logan Couture Timo Meier 40 1 2 2
4 vs 4 Defense
Defense Defense Time % Phy DF OF
1 Drew Doughty Jeff Petry 60 1 2 2
2 Travis Sanheim Ryan Ellis 40 1 2 2
Last Minutes Offensive
Center Left Wing Right Wing Defense Defense
J.T. Miller Sebastian Aho Zach Hyman Drew Doughty Jeff Petry
Last Minutes Defensive
Center Left Wing Right Wing Defense Defense
J.T. Miller Sebastian Aho Logan Couture Drew Doughty Ryan McDonagh
Goaltenders
Starting : Thatcher Demko
Backup : Sam Montembeault
Extra Forwards
Normal : Max Pacioretty, Mathieu Joseph, Timo Meier - PP : Max Pacioretty, Mathieu Joseph - PK : Nic Dowd
Extra Defensemen
Normal : Ryan McDonagh, Kris Russell, Travis Sanheim - PP : Ryan McDonagh - PK : Kris Russell, Travis Sanheim
Penalty Shots
J.T. Miller, Sebastian Aho, Valeri Nichushkin, Max Pacioretty, Joel Eriksson Ek
Los Angeles Kings
5 vs 5 Forward
Center Left Wing Right Wing Time % Phy DF OF
1 Nicklas Backstrom Andrei Svechnikov Kirby Dach 30 1 2 2
2 Seth Jarvis Dominik Kubalik Alexander Radulov 30 1 2 2
3 Peyton Krebs Tyler Gaudet Ryan Reaves 25 1 2 2
4 Cooper Marody Vitaly Kravtsov Evan Polei 15 1 2 2
5 vs 5 Defense
Defense Defense Time % Phy DF OF
1 Noah Dobson K'Andre Miller 35 1 2 2
2 Mike Matheson Erik Brannstrom 35 1 2 2
3 Jakub Zboril Rasmus Sandin 30 1 2 2
4 Noah Dobson K'Andre Miller 0 1 2 2
PowerPlay Forward
Center Left Wing Right Wing Time % Phy DF OF
1 Nicklas Backstrom Andrei Svechnikov Kirby Dach 50 1 2 2
2 Seth Jarvis Dominik Kubalik Alexander Radulov 50 1 2 2
PowerPlay Defense
Defense Defense Time % Phy DF OF
1 Noah Dobson K'Andre Miller 50 1 2 2
2 Mike Matheson Erik Brannstrom 50 1 2 2
Penalty Kill 4 Players Forward
Center Wing Time % Phy DF OF
1 Andrei Svechnikov Nicklas Backstrom 50 1 2 2
2 Kirby Dach Dominik Kubalik 50 1 2 2
Penalty Kill 4 Players Defense
Defense Defense Time % Phy DF OF
1 Noah Dobson K'Andre Miller 50 1 2 2
2 Mike Matheson Erik Brannstrom 50 1 2 2
Penalty Kill - 3 Players Forward
Forward Time % Phy DF OF
1 Andrei Svechnikov 50 1 2 2
2 Nicklas Backstrom 50 1 2 2
Penalty Kill - 3 Players Defense
Defense Defense Time % Phy DF OF
1 Noah Dobson K'Andre Miller 50 1 2 2
2 Mike Matheson Erik Brannstrom 50 1 2 2
4 vs 4 Forward
Center Wing Time % Phy DF OF
1 Andrei Svechnikov Nicklas Backstrom 50 1 2 2
2 Kirby Dach Dominik Kubalik 50 1 2 2
4 vs 4 Defense
Defense Defense Time % Phy DF OF
1 Noah Dobson K'Andre Miller 50 1 2 2
2 Mike Matheson Erik Brannstrom 50 1 2 2
Last Minutes Offensive
Center Left Wing Right Wing Defense Defense
Nicklas Backstrom Andrei Svechnikov Kirby Dach Noah Dobson K'Andre Miller
Last Minutes Defensive
Center Left Wing Right Wing Defense Defense
Nicklas Backstrom Andrei Svechnikov Kirby Dach Noah Dobson K'Andre Miller
Goaltenders
Starting : Aaron Dell
Backup : John Gibson
Extra Forwards
Normal : Evan Polei, Peyton Krebs, Ryan Reaves - PP : Evan Polei, Peyton Krebs - PK : Ryan Reaves
Extra Defensemen
Normal : Jakub Zboril, Rasmus Sandin, Mike Matheson - PP : Jakub Zboril - PK : Rasmus Sandin, Mike Matheson
Penalty Shots
Andrei Svechnikov, Nicklas Backstrom, Kirby Dach, Dominik Kubalik, Alexander Radulov
% Time on Ice - Calgary Flames
Lines # - Real PCT - Wanted PCT - Time Play
Normal Forward
1 - 29% - 34% - 14:26
2 - 27% - 33% - 13:31
3 - 27% - 25% - 13:21
4 - 16% - 8% - 8:07
Normal Defense
1 - 30% - 30% - 15:04
2 - 31% - 30% - 15:22
3 - 31% - 30% - 15:24
4 - 7% - 10% - 3:35
PP Forward
1 - 50% - 50% - 3:00
2 - 50% - 50% - 2:57
PP Defense
1 - 48% - 50% - 2:53
2 - 52% - 50% - 3:04
PK Forward
1 - 84% - 60% - 3:20
2 - 16% - 40% - 0:39
PK Defense
1 - 59% - 60% - 2:22
2 - 41% - 40% - 1:37
PK3 Forward
1 - 0% - 60%
2 - 0% - 40%
PK3 Defense
1 - 0% - 60%
2 - 0% - 40%
44 Forward
1 - 0% - 60%
2 - 0% - 40%
44 Defense
1 - 0% - 60%
2 - 0% - 40%
Last Minute Offensive - 0:00
Last Minute Defensive - 0:39
Total
Forward - 60:00
Defense - 60:00
|
% Time on Ice - Los Angeles Kings
Lines # - Real PCT - Wanted PCT - Time Play
Normal Forward
1 - 26% - 30% - 12:52
2 - 26% - 30% - 12:56
3 - 28% - 25% - 14:02
4 - 19% - 15% - 9:32
Normal Defense
1 - 35% - 35% - 17:25
2 - 33% - 35% - 16:32
3 - 30% - 30% - 14:49
4 - 1% - 0% - 0:36
PP Forward
1 - 51% - 50% - 2:02
2 - 49% - 50% - 1:57
PP Defense
1 - 33% - 50% - 1:19
2 - 67% - 50% - 2:40
PK Forward
1 - 53% - 50% - 3:08
2 - 47% - 50% - 2:49
PK Defense
1 - 47% - 50% - 2:48
2 - 53% - 50% - 3:09
PK3 Forward
1 - 0% - 50%
2 - 0% - 50%
PK3 Defense
1 - 0% - 50%
2 - 0% - 50%
44 Forward
1 - 0% - 50%
2 - 0% - 50%
44 Defense
1 - 0% - 50%
2 - 0% - 50%
Last Minute Offensive - 0:42
Last Minute Defensive - 0:00
Total
Forward - 60:00
Defense - 60:00
|
Play-by-Play
1st period
0:01 of 1st period - J.T. Miller wins face-off versus Nicklas Backstrom in neutral zone.
0:04 of 1st period - Snap shot by J.T. Miller.
0:04 of 1st period - Stopped by Aaron Dell with a rebound.
0:26 of 1st period - Alexander Radulov is hit by Valeri Nichushkin and loses puck.
1:11 of 1st period - Slapshot by Drew Doughty.
1:11 of 1st period - Deflect By Garnet Hathaway.
1:11 of 1st period - Shot Blocked by Mike Matheson.
1:11 of 1st period - Puck is out of play.
1:12 of 1st period - Sebastian Aho wins face-off versus Nicklas Backstrom in Los Angeles Kings zone.
1:13 of 1st period - Slapshot by Zach Hyman.
1:13 of 1st period - Shot Blocked by Nicklas Backstrom.
1:15 of 1st period - Snap shot by Sebastian Aho.
1:15 of 1st period - Stopped by Aaron Dell with a rebound.
1:17 of 1st period - Slapshot by Ryan Ellis.
1:17 of 1st period - Stopped by Aaron Dell without a rebound.
1:18 of 1st period - Sebastian Aho wins face-off versus Nicklas Backstrom in Los Angeles Kings zone.
1:41 of 1st period - Wrist shot by Zach Hyman.
1:41 of 1st period - Stopped by Aaron Dell with a rebound.
1:45 of 1st period - Snap shot by Zach Hyman.
1:45 of 1st period - Stopped by Aaron Dell with a rebound.
1:47 of 1st period - Slapshot by Travis Sanheim.
1:47 of 1st period - Shot Misses the Net.
1:49 of 1st period - Slapshot by Ryan Ellis.
1:49 of 1st period - Deflect By Zach Hyman.
1:49 of 1st period - Shot Misses the Net.
1:49 of 1st period - Puck is out of play.
1:50 of 1st period - Seth Jarvis wins face-off versus J.T. Miller in Los Angeles Kings zone.
2:04 of 1st period - Icing by Erik Brannstrom.
2:05 of 1st period - Joel Eriksson Ek wins face-off versus Seth Jarvis in Los Angeles Kings zone.
2:20 of 1st period - Snap shot by Seth Jarvis.
2:20 of 1st period - Shot Blocked by Ryan McDonagh.
2:57 of 1st period - Wrist shot by Seth Jarvis.
2:57 of 1st period - Shot Misses the Net.
3:05 of 1st period - Wrist shot by Dominik Kubalik.
3:05 of 1st period - Shot Misses the Net.
3:07 of 1st period - Slapshot by Seth Jarvis.
3:07 of 1st period - Stopped by Thatcher Demko without a rebound.
3:08 of 1st period - J.T. Miller wins face-off versus Ryan Reaves in Calgary Flames zone.
3:08 of 1st period - J.T. Miller is hit by Ryan Reaves.
3:50 of 1st period - Icing by Zach Hyman.
3:51 of 1st period - Nic Dowd wins face-off versus Nicklas Backstrom in Calgary Flames zone.
5:43 of 1st period - Snap shot by J.T. Miller.
5:43 of 1st period - Shot Misses the Net.
5:59 of 1st period - Zach Hyman is hit by Cooper Marody and loses puck.
6:26 of 1st period - Slapshot by Mike Matheson.
6:26 of 1st period - Deflect By Logan Couture.
6:26 of 1st period - Stopped by Thatcher Demko without a rebound.
6:27 of 1st period - Logan Couture wins face-off versus Tyler Gaudet in Calgary Flames zone.
6:32 of 1st period - Noah Dobson is hit by Travis Sanheim and loses puck.
6:57 of 1st period - Snap shot by J.T. Miller.
6:57 of 1st period - Shot Blocked by Mike Matheson.
6:59 of 1st period - Slapshot by Ryan Ellis.
6:59 of 1st period - Stopped by Aaron Dell without a rebound.
7:00 of 1st period - Nicklas Backstrom wins face-off versus J.T. Miller in Los Angeles Kings zone.
7:05 of 1st period - Wrist shot by Andrei Svechnikov.
7:05 of 1st period - Stopped by Thatcher Demko with a rebound.
7:27 of 1st period - Sebastian Aho is hit by Seth Jarvis and loses puck.
7:34 of 1st period - Slapshot by Jeff Petry.
7:34 of 1st period - Shot Blocked by K'Andre Miller.
7:52 of 1st period - Snap shot by Ryan Reaves.
7:52 of 1st period - Deflect By Peyton Krebs.
7:52 of 1st period - Shot Misses the Net.
7:52 of 1st period - Puck is out of play.
7:53 of 1st period - Peyton Krebs wins face-off versus Timo Meier in Calgary Flames zone.
7:54 of 1st period - Wrist shot by Ryan Reaves.
7:54 of 1st period - Shot Blocked by Timo Meier.
8:00 of 1st period - Wrist shot by Max Pacioretty.
8:00 of 1st period - Stopped by Aaron Dell without a rebound.
8:01 of 1st period - J.T. Miller wins face-off versus Peyton Krebs in Los Angeles Kings zone.
8:48 of 1st period - Wrist shot by J.T. Miller.
8:48 of 1st period - Stopped by Aaron Dell without a rebound.
8:49 of 1st period - Seth Jarvis wins face-off versus Sebastian Aho in Los Angeles Kings zone.
8:54 of 1st period - Wrist shot by Dominik Kubalik.
8:54 of 1st period - Deflect By Alexander Radulov.
8:54 of 1st period - Shot Misses the Net.
8:54 of 1st period - Puck is out of play.
8:55 of 1st period - Seth Jarvis wins face-off versus Sebastian Aho in Calgary Flames zone.
9:02 of 1st period - Snap shot by Seth Jarvis.
9:02 of 1st period - Stopped by Thatcher Demko with a rebound.
9:22 of 1st period - Kirby Dach is hit by Jeff Petry and loses puck.
9:27 of 1st period - Snap shot by Logan Couture.
9:27 of 1st period - Stopped by Aaron Dell without a rebound.
9:28 of 1st period - J.T. Miller wins face-off versus Kirby Dach in Los Angeles Kings zone.
9:37 of 1st period - Wrist shot by Timo Meier.
9:37 of 1st period - Shot Misses the Net.
9:39 of 1st period - Slapshot by Kris Russell.
9:39 of 1st period - Shot Misses the Net.
9:41 of 1st period - Slapshot by Kris Russell.
9:41 of 1st period - Stopped by Aaron Dell with a rebound.
9:43 of 1st period - Slapshot by Kris Russell.
9:43 of 1st period - Stopped by Aaron Dell with a rebound.
9:45 of 1st period - Slapshot by J.T. Miller.
9:45 of 1st period - Goal by J.T. Miller - Calgary Flames : 1 - Los Angeles Kings : 0.
9:46 of 1st period - Sebastian Aho wins face-off versus Seth Jarvis in neutral zone.
10:43 of 1st period - Snap shot by Joel Eriksson Ek.
10:43 of 1st period - Shot Misses the Net.
10:53 of 1st period - Snap shot by Joel Eriksson Ek.
10:53 of 1st period - Stopped by Aaron Dell with a rebound.
11:03 of 1st period - Backhand shot by Noah Dobson.
11:03 of 1st period - Stopped by Thatcher Demko with a rebound.
11:09 of 1st period - Snap shot by Joel Eriksson Ek.
11:09 of 1st period - Shot Blocked by Noah Dobson.
11:11 of 1st period - Snap shot by Joel Eriksson Ek.
11:11 of 1st period - Stopped by Aaron Dell with a rebound.
11:13 of 1st period - Slapshot by Logan Couture.
11:13 of 1st period - Shot Blocked by K'Andre Miller.
11:15 of 1st period - Snap shot by Mathieu Joseph.
11:15 of 1st period - Stopped by Aaron Dell with a rebound.
11:21 of 1st period - Snap shot by Joel Eriksson Ek.
11:21 of 1st period - Stopped by Aaron Dell without a rebound.
11:22 of 1st period - Seth Jarvis wins face-off versus Sebastian Aho in Los Angeles Kings zone.
12:10 of 1st period - Wrist shot by Vitaly Kravtsov.
12:10 of 1st period - Shot Misses the Net.
12:12 of 1st period - Slapshot by Erik Brannstrom.
12:12 of 1st period - Deflect By Vitaly Kravtsov.
12:12 of 1st period - Shot Blocked by Garnet Hathaway.
12:12 of 1st period - Puck is out of play.
12:13 of 1st period - Sebastian Aho wins face-off versus Cooper Marody in Calgary Flames zone.
12:26 of 1st period - Evan Polei is hit by Valeri Nichushkin and loses puck.
12:54 of 1st period - Slapshot by Vitaly Kravtsov.
12:54 of 1st period - Stopped by Thatcher Demko with a rebound.
12:56 of 1st period - Snap shot by Evan Polei.
12:56 of 1st period - Shot Misses the Net.
12:58 of 1st period - Wrist shot by Cooper Marody.
12:58 of 1st period - Shot Blocked by J.T. Miller.
13:00 of 1st period - Wrist shot by Evan Polei.
13:00 of 1st period - Shot Blocked by Drew Doughty.
13:02 of 1st period - Slapshot by Mike Matheson.
13:02 of 1st period - Stopped by Thatcher Demko without a rebound.
13:03 of 1st period - Seth Jarvis wins face-off versus Valeri Nichushkin in Calgary Flames zone.
14:00 of 1st period - Minor Penalty to Andrei Svechnikov for Diving.
14:01 of 1st period - J.T. Miller wins face-off versus Kirby Dach in Los Angeles Kings zone.
14:01 of 1st period - Wrist shot by Logan Couture.
14:01 of 1st period - Stopped by Aaron Dell with a rebound.
14:03 of 1st period - Wrist shot by Logan Couture.
14:03 of 1st period - Stopped by Aaron Dell without a rebound.
14:04 of 1st period - J.T. Miller wins face-off versus Kirby Dach in Los Angeles Kings zone.
14:05 of 1st period - Snap shot by Valeri Nichushkin.
14:05 of 1st period - Stopped by Aaron Dell with a rebound.
14:38 of 1st period - Snap shot by Joel Eriksson Ek.
14:38 of 1st period - Shot Misses the Net.
14:40 of 1st period - Snap shot by Zach Hyman.
14:40 of 1st period - Stopped by Aaron Dell without a rebound.
14:41 of 1st period - Ryan Reaves wins face-off versus J.T. Miller in Los Angeles Kings zone.
15:08 of 1st period - Erik Brannstrom is hit by Timo Meier and loses puck.
16:00 of 1st period - Penalty to Andrei Svechnikov is over, Andrei Svechnikov is back on ice.
16:13 of 1st period - Jakub Zboril is hit by Nic Dowd and loses puck.
17:06 of 1st period - Valeri Nichushkin is hit by Ryan Reaves and loses puck.
18:20 of 1st period - Icing by Valeri Nichushkin.
18:21 of 1st period - Nicklas Backstrom wins face-off versus Sebastian Aho in Calgary Flames zone.
18:22 of 1st period - Snap shot by Andrei Svechnikov.
18:22 of 1st period - Shot Misses the Net.
19:13 of 1st period - Snap shot by Max Pacioretty.
19:13 of 1st period - Stopped by Aaron Dell without a rebound.
19:14 of 1st period - Sebastian Aho wins face-off versus Seth Jarvis in Los Angeles Kings zone.
19:25 of 1st period - Snap shot by Zach Hyman.
19:25 of 1st period - Deflect By Valeri Nichushkin.
19:25 of 1st period - Shot Misses the Net.
19:25 of 1st period - Puck is out of play.
19:26 of 1st period - Sebastian Aho wins face-off versus Nicklas Backstrom in Los Angeles Kings zone.
19:27 of 1st period - Snap shot by Zach Hyman.
19:27 of 1st period - Shot Misses the Net.
19:29 of 1st period - Wrist shot by Valeri Nichushkin.
19:29 of 1st period - Stopped by Aaron Dell with a rebound.
19:53 of 1st period - Kirby Dach is hit by Logan Couture and loses puck.
Goals for this period are 1 for Calgary Flames vs 0 for Los Angeles Kings.
Shots for this period are 22 for Calgary Flames vs 7 for Los Angeles Kings.
2nd period
0:01 of 2nd period - Sebastian Aho wins face-off versus Seth Jarvis in neutral zone.
0:14 of 2nd period - Snap shot by Sebastian Aho.
0:14 of 2nd period - Stopped by Aaron Dell with a rebound.
0:16 of 2nd period - Snap shot by Sebastian Aho.
0:16 of 2nd period - Shot Blocked by Erik Brannstrom.
0:26 of 2nd period - Mike Matheson is hit by Jeff Petry and loses puck.
0:55 of 2nd period - Snap shot by Joel Eriksson Ek.
0:55 of 2nd period - Stopped by Aaron Dell without a rebound.
0:56 of 2nd period - Seth Jarvis wins face-off versus Sebastian Aho in Los Angeles Kings zone.
1:06 of 2nd period - Off-side.
1:07 of 2nd period - J.T. Miller wins face-off versus Ryan Reaves in neutral zone.
1:34 of 2nd period - Minor Penalty to Valeri Nichushkin for Hooking.
1:35 of 2nd period - Logan Couture wins face-off versus Nicklas Backstrom in Calgary Flames zone.
3:34 of 2nd period - Penalty to Valeri Nichushkin is over, Valeri Nichushkin is back on ice.
4:02 of 2nd period - Cooper Marody is hit by Travis Sanheim and loses puck.
5:20 of 2nd period - Oskar Lindblom is hit by Dominik Kubalik and loses puck.
5:37 of 2nd period - Mathieu Joseph is hit by Tyler Gaudet and loses puck.
7:05 of 2nd period - Andrei Svechnikov is hit by Joel Eriksson Ek.
7:09 of 2nd period - Nicklas Backstrom is hit by Logan Couture and loses puck.
7:26 of 2nd period - Snap shot by Peyton Krebs.
7:26 of 2nd period - Shot Misses the Net.
7:36 of 2nd period - Snap shot by Mike Matheson.
7:36 of 2nd period - Shot Misses the Net.
7:54 of 2nd period - Vitaly Kravtsov is hit by Travis Sanheim and loses puck.
8:14 of 2nd period - Off-side.
8:15 of 2nd period - Logan Couture wins face-off versus Seth Jarvis in neutral zone.
8:18 of 2nd period - Snap shot by Logan Couture.
8:18 of 2nd period - Stopped by Aaron Dell with a rebound.
8:20 of 2nd period - Snap shot by Joel Eriksson Ek.
8:20 of 2nd period - Stopped by Aaron Dell with a rebound.
8:22 of 2nd period - Slapshot by Joel Eriksson Ek.
8:22 of 2nd period - Stopped by Aaron Dell without a rebound.
8:23 of 2nd period - Sebastian Aho wins face-off versus Nicklas Backstrom in Los Angeles Kings zone.
8:31 of 2nd period - Minor Penalty to Andrei Svechnikov for Holding.
8:32 of 2nd period - Kirby Dach wins face-off versus Joel Eriksson Ek in Los Angeles Kings zone.
8:58 of 2nd period - Mike Matheson is hit by Logan Couture and loses puck.
10:17 of 2nd period - Joel Eriksson Ek is hit by Noah Dobson.
10:31 of 2nd period - Penalty to Andrei Svechnikov is over, Andrei Svechnikov is back on ice.
11:50 of 2nd period - Snap shot by Ryan Reaves.
11:50 of 2nd period - Shot Misses the Net.
12:22 of 2nd period - Wrist shot by Dominik Kubalik.
12:22 of 2nd period - Stopped by Thatcher Demko with a rebound.
12:38 of 2nd period - Wrist shot by Oskar Lindblom.
12:38 of 2nd period - Stopped by Aaron Dell with a rebound.
13:09 of 2nd period - Icing by Jeff Petry.
13:10 of 2nd period - Nicklas Backstrom wins face-off versus Nic Dowd in Calgary Flames zone.
13:31 of 2nd period - Wrist shot by Dominik Kubalik.
13:31 of 2nd period - Shot Blocked by Kris Russell.
14:09 of 2nd period - Slapshot by Noah Dobson.
14:09 of 2nd period - Shot Misses the Net.
14:17 of 2nd period - Slapshot by Cooper Marody.
14:17 of 2nd period - Stopped by Thatcher Demko with a rebound.
14:19 of 2nd period - Snap shot by Jakub Zboril.
14:19 of 2nd period - Stopped by Thatcher Demko with a rebound.
15:11 of 2nd period - Snap shot by Peyton Krebs.
15:11 of 2nd period - Shot Blocked by Drew Doughty.
15:13 of 2nd period - Slapshot by Rasmus Sandin.
15:13 of 2nd period - Deflect By Peyton Krebs.
15:13 of 2nd period - Shot Misses the Net.
15:13 of 2nd period - Puck is out of play.
15:14 of 2nd period - Sebastian Aho wins face-off versus Peyton Krebs in Calgary Flames zone.
15:14 of 2nd period - Sebastian Aho is hit by Peyton Krebs.
15:46 of 2nd period - Off-side.
15:47 of 2nd period - Logan Couture wins face-off versus Seth Jarvis in neutral zone.
16:24 of 2nd period - Snap shot by Zach Hyman.
16:24 of 2nd period - Stopped by Aaron Dell without a rebound.
16:25 of 2nd period - Nicklas Backstrom wins face-off versus Sebastian Aho in Los Angeles Kings zone.
16:35 of 2nd period - Off-side.
16:36 of 2nd period - Sebastian Aho wins face-off versus Seth Jarvis in neutral zone.
16:51 of 2nd period - Snap shot by Dominik Kubalik.
16:51 of 2nd period - Stopped by Thatcher Demko with a rebound.
17:01 of 2nd period - Jeff Petry is hit by Tyler Gaudet and loses puck.
17:08 of 2nd period - Slapshot by Noah Dobson.
17:08 of 2nd period - Shot Blocked by Jeff Petry.
17:10 of 2nd period - Snap shot by Peyton Krebs.
17:10 of 2nd period - Stopped by Thatcher Demko with a rebound.
17:12 of 2nd period - Wrist shot by K'Andre Miller.
17:12 of 2nd period - Stopped by Thatcher Demko with a rebound.
17:28 of 2nd period - Backhand shot by Nicklas Backstrom.
17:28 of 2nd period - Shot Misses the Net.
18:28 of 2nd period - Max Pacioretty is hit by K'Andre Miller and loses puck.
18:34 of 2nd period - Off-side.
18:35 of 2nd period - J.T. Miller wins face-off versus Peyton Krebs in neutral zone.
18:47 of 2nd period - Snap shot by J.T. Miller.
18:47 of 2nd period - Stopped by Aaron Dell with a rebound.
18:49 of 2nd period - Wrist shot by Max Pacioretty.
18:49 of 2nd period - Shot Misses the Net.
18:51 of 2nd period - Slapshot by Ryan McDonagh.
18:51 of 2nd period - Shot Blocked by Erik Brannstrom.
18:53 of 2nd period - Slapshot by Kris Russell.
18:53 of 2nd period - Shot Blocked by Mike Matheson.
18:55 of 2nd period - Backhand shot by Kris Russell.
18:55 of 2nd period - Stopped by Aaron Dell with a rebound.
19:03 of 2nd period - Snap shot by Max Pacioretty.
19:03 of 2nd period - Stopped by Aaron Dell with a rebound.
19:05 of 2nd period - Slapshot by Kris Russell.
19:05 of 2nd period - Deflect By J.T. Miller.
19:05 of 2nd period - Shot Misses the Net.
19:05 of 2nd period - Puck is out of play.
19:06 of 2nd period - Sebastian Aho wins face-off versus Nicklas Backstrom in Los Angeles Kings zone.
19:33 of 2nd period - Jeff Petry is hit by Alexander Radulov and loses puck.
19:42 of 2nd period - Drew Doughty is hit by Alexander Radulov and loses puck.
19:53 of 2nd period - Drew Doughty is hit by Cooper Marody and loses puck.
19:58 of 2nd period - Slapshot by Vitaly Kravtsov.
19:58 of 2nd period - Shot Blocked by Drew Doughty.
Goals for this period are 0 for Calgary Flames vs 0 for Los Angeles Kings.
Shots for this period are 10 for Calgary Flames vs 6 for Los Angeles Kings.
3rd period
0:01 of 3rd period - Sebastian Aho wins face-off versus Nicklas Backstrom in neutral zone.
0:12 of 3rd period - Snap shot by Zach Hyman.
0:12 of 3rd period - Shot Misses the Net.
0:36 of 3rd period - Snap shot by J.T. Miller.
0:36 of 3rd period - Goal by J.T. Miller - Calgary Flames : 2 - Los Angeles Kings : 0.
0:37 of 3rd period - Nicklas Backstrom wins face-off versus Zach Hyman in neutral zone.
0:52 of 3rd period - Wrist shot by Sebastian Aho.
0:52 of 3rd period - Shot Misses the Net.
0:54 of 3rd period - Slapshot by Ryan McDonagh.
0:54 of 3rd period - Stopped by Aaron Dell with a rebound.
1:04 of 3rd period - Ryan McDonagh is hit by Erik Brannstrom and loses puck.
1:58 of 3rd period - Kirby Dach is hit by Zach Hyman and loses puck.
2:18 of 3rd period - Minor Penalty to Cooper Marody for Holding Stick.
2:19 of 3rd period - Joel Eriksson Ek wins face-off versus Kirby Dach in Los Angeles Kings zone.
2:23 of 3rd period - Wrist shot by Timo Meier.
2:23 of 3rd period - Deflect By Zach Hyman.
2:23 of 3rd period - Stopped by Aaron Dell without a rebound.
2:24 of 3rd period - Joel Eriksson Ek wins face-off versus Kirby Dach in Los Angeles Kings zone.
3:01 of 3rd period - Snap shot by J.T. Miller.
3:01 of 3rd period - Stopped by Aaron Dell with a rebound.
4:18 of 3rd period - Penalty to Cooper Marody is over, Cooper Marody is back on ice.
4:37 of 3rd period - Snap shot by Nic Dowd.
4:37 of 3rd period - Goal by Nic Dowd - Calgary Flames : 3 - Los Angeles Kings : 0.
4:38 of 3rd period - Nic Dowd wins face-off versus Nicklas Backstrom in neutral zone.
5:12 of 3rd period - Snap shot by Timo Meier.
5:12 of 3rd period - Stopped by Aaron Dell without a rebound.
5:13 of 3rd period - Sebastian Aho wins face-off versus Seth Jarvis in Los Angeles Kings zone.
5:20 of 3rd period - Slapshot by Zach Hyman.
5:20 of 3rd period - Shot Misses the Net.
5:22 of 3rd period - Slapshot by Travis Sanheim.
5:22 of 3rd period - Shot Blocked by Noah Dobson.
5:28 of 3rd period - Wrist shot by Zach Hyman.
5:28 of 3rd period - Shot Misses the Net.
5:30 of 3rd period - Snap shot by Travis Sanheim.
5:30 of 3rd period - Stopped by Aaron Dell with a rebound.
5:52 of 3rd period - Backhand shot by Kirby Dach.
5:52 of 3rd period - Stopped by Thatcher Demko with a rebound.
6:04 of 3rd period - Mike Matheson is hit by Ryan Ellis.
6:12 of 3rd period - Backhand shot by Joel Eriksson Ek.
6:12 of 3rd period - Shot Misses the Net.
6:14 of 3rd period - Wrist shot by Joel Eriksson Ek.
6:14 of 3rd period - Stopped by Aaron Dell with a rebound.
6:16 of 3rd period - Snap shot by Logan Couture.
6:16 of 3rd period - Shot Misses the Net.
7:53 of 3rd period - Snap shot by Sebastian Aho.
7:53 of 3rd period - Shot Hit the Post.
7:55 of 3rd period - Slapshot by Kris Russell.
7:55 of 3rd period - Shot Misses the Net.
9:18 of 3rd period - Wrist shot by Zach Hyman.
9:18 of 3rd period - Stopped by Aaron Dell with a rebound.
9:37 of 3rd period - Andrei Svechnikov is hit by Travis Sanheim and loses puck.
9:54 of 3rd period - Seth Jarvis is hit by J.T. Miller and loses puck.
10:14 of 3rd period - Oskar Lindblom is hit by Cooper Marody and loses puck.
11:38 of 3rd period - Erik Brannstrom is hit by Garnet Hathaway and loses puck.
11:55 of 3rd period - Seth Jarvis is hit by Mathieu Joseph and loses puck.
12:00 of 3rd period - Wrist shot by Joel Eriksson Ek.
12:00 of 3rd period - Stopped by Aaron Dell without a rebound.
12:01 of 3rd period - Logan Couture wins face-off versus Peyton Krebs in Los Angeles Kings zone.
12:20 of 3rd period - Snap shot by Mathieu Joseph.
12:20 of 3rd period - Stopped by Aaron Dell with a rebound.
12:22 of 3rd period - Snap shot by Ryan McDonagh.
12:22 of 3rd period - Stopped by Aaron Dell with a rebound.
13:08 of 3rd period - Slapshot by Joel Eriksson Ek.
13:08 of 3rd period - Shot Misses the Net.
13:10 of 3rd period - Slapshot by Drew Doughty.
13:10 of 3rd period - Deflect By Peyton Krebs.
13:10 of 3rd period - Stopped by Aaron Dell with a rebound.
13:59 of 3rd period - Wrist shot by Mathieu Joseph.
13:59 of 3rd period - Stopped by Aaron Dell with a rebound.
14:15 of 3rd period - Slapshot by Joel Eriksson Ek.
14:15 of 3rd period - Stopped by Aaron Dell with a rebound.
14:17 of 3rd period - Slapshot by Joel Eriksson Ek.
14:17 of 3rd period - Shot Misses the Net.
14:29 of 3rd period - Wrist shot by Joel Eriksson Ek.
14:29 of 3rd period - Stopped by Aaron Dell with a rebound.
14:31 of 3rd period - Slapshot by Kris Russell.
14:31 of 3rd period - Stopped by Aaron Dell without a rebound.
14:32 of 3rd period - Nicklas Backstrom wins face-off versus Sebastian Aho in Los Angeles Kings zone.
14:47 of 3rd period - Valeri Nichushkin is hit by Nicklas Backstrom and loses puck.
15:12 of 3rd period - Snap shot by Timo Meier.
15:12 of 3rd period - Stopped by Aaron Dell with a rebound.
15:24 of 3rd period - Slapshot by Noah Dobson.
15:24 of 3rd period - Stopped by Thatcher Demko with a rebound.
15:42 of 3rd period - Vitaly Kravtsov is hit by Valeri Nichushkin and loses puck.
16:16 of 3rd period - Wrist shot by Nicklas Backstrom.
16:16 of 3rd period - Shot Blocked by Ryan McDonagh.
16:18 of 3rd period - Wrist shot by Andrei Svechnikov.
16:18 of 3rd period - Stopped by Thatcher Demko without a rebound.
16:19 of 3rd period - Sebastian Aho wins face-off versus Seth Jarvis in Calgary Flames zone.
16:21 of 3rd period - Minor Penalty to Drew Doughty for Tripping.
16:22 of 3rd period - Nicklas Backstrom wins face-off versus Nic Dowd in Calgary Flames zone.
16:22 of 3rd period - Snap shot by Andrei Svechnikov.
16:22 of 3rd period - Deflect By Kirby Dach.
16:22 of 3rd period - Goal by Kirby Dach - Calgary Flames : 3 - Los Angeles Kings : 1.
16:23 of 3rd period - Nicklas Backstrom wins face-off versus J.T. Miller in neutral zone.
16:26 of 3rd period - Snap shot by Kirby Dach.
16:26 of 3rd period - Goal by Kirby Dach - Calgary Flames : 3 - Los Angeles Kings : 2.
16:27 of 3rd period - Peyton Krebs wins face-off versus Logan Couture in neutral zone.
16:38 of 3rd period - Snap shot by Ryan Reaves.
16:38 of 3rd period - Stopped by Thatcher Demko with a rebound.
16:48 of 3rd period - Minor Penalty to Travis Sanheim for Hooking.
16:49 of 3rd period - Nicklas Backstrom wins face-off versus Logan Couture in Calgary Flames zone.
16:52 of 3rd period - Wrist shot by Andrei Svechnikov.
16:52 of 3rd period - Stopped by Thatcher Demko with a rebound.
16:54 of 3rd period - Snap shot by Andrei Svechnikov.
16:54 of 3rd period - Shot Blocked by Jeff Petry.
16:58 of 3rd period - Wrist shot by Nicklas Backstrom.
16:58 of 3rd period - Shot Misses the Net.
17:00 of 3rd period - Snap shot by Nicklas Backstrom.
17:00 of 3rd period - Stopped by Thatcher Demko with a rebound.
17:02 of 3rd period - Snap shot by Andrei Svechnikov.
17:02 of 3rd period - Deflect By Nicklas Backstrom.
17:02 of 3rd period - Shot Blocked by Drew Doughty.
17:02 of 3rd period - Puck is out of play.
17:03 of 3rd period - Logan Couture wins face-off versus Seth Jarvis in Calgary Flames zone.
17:28 of 3rd period - Logan Couture is hit by Dominik Kubalik and loses puck.
17:43 of 3rd period - Wrist shot by Alexander Radulov.
17:43 of 3rd period - Shot Blocked by Mathieu Joseph.
18:48 of 3rd period - Penalty to Travis Sanheim is over, Travis Sanheim is back on ice.
19:03 of 3rd period - K'Andre Miller is hit by Ryan Ellis and loses puck.
19:20 of 3rd period - Los Angeles Kings, Aaron Dell is pulled from the net.
19:20 of 3rd period - Snap shot by Alexander Radulov.
19:20 of 3rd period - Stopped by Thatcher Demko with a rebound.
19:22 of 3rd period - Slapshot by K'Andre Miller.
19:22 of 3rd period - Stopped by Thatcher Demko with a rebound.
19:24 of 3rd period - Slapshot by Alexander Radulov.
19:24 of 3rd period - Stopped by Thatcher Demko without a rebound.
19:25 of 3rd period - Benoit Groulx call a timeout for Los Angeles Kings.
19:25 of 3rd period - J.T. Miller wins face-off versus Nicklas Backstrom in Calgary Flames zone.
19:38 of 3rd period - Snap shot by J.T. Miller.
19:38 of 3rd period - Goal by J.T. Miller - Calgary Flames : 4 - Los Angeles Kings : 2.
19:38 of 3rd period - Aaron Dell from Los Angeles Kings was sent back in the game.
19:39 of 3rd period - Logan Couture wins face-off versus Peyton Krebs in neutral zone.
19:42 of 3rd period - Mike Matheson is hit by Joel Eriksson Ek and loses puck.
Goals for this period are 3 for Calgary Flames vs 2 for Los Angeles Kings.
Shots for this period are 19 for Calgary Flames vs 11 for Los Angeles Kings.
Back to the Top